 Dungeon Sprint DCSS version 0.32-a0-779-g362cfcae2a (webtiles) character file.

Game seed: 11199787565234154930

9 rocky1 the Slasher (level 2, -10/23 HPs)
             Began as a Coglin Gladiator on Mar 19, 2024.
             Mangled by an ogre
             ... wielding a +0 giant spiked club
              (28 damage)
             ... in the Dungeon (Sprint IX: "|||||||||||||||||||||||||||||").
             The game lasted 00:00:12 (23 turns).

rocky1 the Slasher (Coglin Gladiator)                 Turns: 23, Time: 00:00:13

Health: -10/23     AC:  4    Str: 14    XL:     2   Next: 12%
Magic:  2/2        EV: 12    Int:  7    God:
Gold:   0          SH:  0    Dex: 15    Spells: 1/1 levels left

rFire   . . .        a - +0 long sword {Yashnoor}
rCold   . . .        f - +0 dagger {Septima}
rNeg    . . .        b - +0 leather armour
rPois   .            c - +0 helmet
rElec   .            (no cloak)
rCorr   .            (no gloves)
SInv    .            (no boots)
Will    .....        (amulet unavailable)
Stlth   +            (ring unavailable)
HPRegen 0.23/turn    (ring unavailable)
MPRegen 0.08/turn    (no gizmo)

%: no teleportation
@: revved
A: off-hand wielding, slow wielding, warmup strikes, no jewellery
a: Invent Gizmo


You were in the Dungeon.
You visited 1 branch

Inventory:

Hand Weapons
 a - a +0 long sword (weapon) {Yashnoor}
 f - a +0 dagger (offhand) {Septima}
Missiles
 d - 3 throwing nets (quivered)
 e - a javelin
Armour
 b - a +0 leather armour (worn)
 c - a +0 helmet (worn)
Scrolls
 l - a scroll of blinking
Potions
 g - a potion of curing
 i - a potion of haste
 j - 2 potions of magic
 k - a potion of berserk rage


   Skills:
 + Level 2.3 Fighting
 + Level 3.6 Long Blades
 + Level 2.4 Throwing
 + Level 3.5 Dodging
 + Level 0.1 Stealth


You had one spell level left.
You didn't know any spells.
Your spell library was empty.

Dungeon Overview and Level Annotations

Branches:
Dungeon (1/1)

Altars:


Innate Abilities, Weirdness & Mutations

You can wield a second weapon in your off-hand.
It takes a long time for you to wield or remove held weapons.
Your first few attacks do less damage.
You cannot equip rings or amulets.


Message History

You kill the ball python!
Your Throwing skill increases to level 2!
You hit the hobgoblin with your +0 dagger.
The hobgoblin is heavily wounded.
You slash the hobgoblin with your +0 long sword!
You kill the hobgoblin!
The dart slug launches a dart at you. The slug dart hits you.
You see here a ball python corpse.
You hit the dart slug with your +0 dagger.
The dart slug is moderately wounded.
You hit the dart slug with your +0 long sword.
You slash the dart slug with your +0 long sword!
You kill the dart slug!
You have reached level 2!
You see here a dart slug corpse.
As you open the door, it creaks loudly!
An iguana, a scorpion, an adder, a dart slug and an ogre come into view.
The iguana hisses angrily.
The adder hisses angrily.
You hit the ogre but do no damage. You hit the ogre with your +0 dagger.
The ogre misses you.
You barely miss the ogre with your +0 dagger.
The ogre is lightly wounded.
You slash the ogre with your +0 long sword!
The ogre hits you with a +0 giant spiked club!
Ouch! That really hurt!
* * * LOW HITPOINT WARNING * * *
You slash the ogre with your +0 long sword!
The ogre is severely wounded.
You hit the ogre with your +0 dagger.
Unknown command.
Unknown command.
You feel much better.
The ogre hits you with a +0 giant spiked club.
You hit the ogre with your +0 long sword.
The ogre is almost dead.
You hit the ogre but do no damage.
The ogre hits you with a +0 giant spiked club!!
Ouch! That really hurt!
You die... ▓▓▓▓▓▓▓▓▓▓▓▓▓▓▓▓▓▓ +.lsSwO@..††'...<▓ ▓▓▓▓▓▓▓▓▓▓▓▓▓▓▓▓▓▓

You could see an ogre, a scorpion, an iguana, an adder and a dart slug.

Vanquished Creatures
  2 dart slugs (D)
  A hobgoblin (D)
  2 ball pythons (D)
5 creatures vanquished.

Notes
Turn   | Place    | Note
-------+----------+-------------------------------------------
     0 | D        | rocky1 the Coglin Gladiator began the quest for the Orb.
     0 | D        | Reached XP level 1. HP: 16/16 MP: 1/1
    14 | D        | Reached XP level 2. HP: 14/23 MP: 2/2
    18 | D        | Noticed a scorpion
    18 | D        | Noticed an ogre
    20 | D        | HP: 1/23 [ogre/+0 giant spiked club (15)]
    23 | D        | Mangled by an ogre

Illustrated notes

Levels and vault maps discovered:
D:        linesprint [early_d, line_temple, items_1, d_10, items_2, lair_1,
          lair_end, items_3, orc_1, orc_end, items_4, d_15, swamp_1, shoals_1,
          snake_1, spider_1, d_20, vaults_1, items_5, swamp_end, shoals_end,
          snake_end, spider_end, vaults_end, d_27, items_6, zot_1, zot_end,
          crypt_end, forest_end, elf_end, slime_end, tomb_end, abyss_end,
          pan_hell_end]

Skill      XL: |  1 |
---------------+----+-----
Dodging        | 3 |  3.5
Throwing       | 2 |  2.4
Fighting       | |  2.3
Long Blades    | |  3.6
Stealth        | |  0.1

Action                     || total
---------------------------++-------
  Melee: Long sword        ||    12
         Dagger            ||     9
    Use: Potion            ||     1
   Stab: Distracted        ||     1
 Armour: Leather armour    ||     6
  Dodge: Dodged            ||     4

Table legend: (Time is in decaauts)
 A = Elapsed time spent in this place.
 B = Non-inter-level travel time spent in this place.
 C = Inter-level travel time spent in this place.
 D = Time resting spent in this place.
 E = Time spent auto-exploring this place.
 F = Levels seen in this place.
 G = Mean time per level.
                   A        B        C        D        E       F      G
               +--------+--------+--------+--------+--------+-----+--------+
         Total |     23 |     23 |      0 |      0 |      0 |   1 |   23.0 |
       Dungeon |     23 |     23 |      0 |      0 |      0 |   1 |   23.0 |
               +--------+--------+--------+--------+--------+-----+--------+

Top non-repeatable levels by time:
       D: 23 daAuts
